 Dungeon Crawl Stone Soup version 0.32-a0-768-g0f6f1dd4b9 (webtiles) character file.

Game seed: 4006152877237650792

462 ezpacito the Chopper (level 7, -1/54 HPs)
             Began as a Coglin Chaos Knight on Mar 18, 2024.
             Was a Plaything of Xom.
             Splashed by a jelly's acid (4 damage)
             ... on level 4 of the Dungeon.
             The game lasted 00:03:54 (2291 turns).

ezpacito the Chopper (Coglin Chaos Knight)          Turns: 2291, Time: 00:03:55

Health: -1/54      AC:  6    Str: 15    XL:     7   Next: 7%
Magic:  9/9        EV: 11    Int: 17    God:    Xom [.....*]
Gold:   89         SH:  0    Dex: 13    Spells: 9/9 levels left

rFire   . . .        a - +0 hand axe (chaos) {Takurtum}
rCold   . . .        p - +1 spear of Dishonesty {holy, Will+ Int+6}
rNeg    . . .        h - +2 leather armour {Will+}
rPois   .            d - +0 helmet
rElec   .            (no cloak)
rCorr   .            (no gloves)
SInv    .            (no boots)
Will    +....        (amulet unavailable)
Stlth   ++           (ring unavailable)
HPRegen 0.29/turn    (ring unavailable)
MPRegen 0.11/turn    (no gizmo)

%: no passive effects
@: about to teleport, weak-willed, cleaving, attractive, enlightened, flying,
revving
A: off-hand wielding, slow wielding, warmup strikes, no jewellery
a: Invent Gizmo, Renounce Religion


You were on level 4 of the Dungeon.
You worshipped Xom.
You were Xom's teddy bear.
You visited 1 branch of the dungeon, and saw 4 of its levels.

You collected 89 gold pieces.

Inventory:

Hand Weapons
 a - a +0 hand axe of chaos (weapon) {Takurtum}
 m - a +1 spear of flaming {Amnanu}
 p - the +1 spear of Dishonesty (offhand) {holy, Will+ Int+6}
   (You found it on level 3 of the Dungeon)

   Int+6:     It affects your intelligence (+6).
   Will+:     It increases your willpower.
Missiles
 b - 5 poisoned darts (quivered)
Armour
 d - a +0 helmet (worn)
 h - a +2 leather armour of willpower (worn)
 o - a +0 chain mail
Wands
 D - a wand of digging (7)
Scrolls
 g - a scroll of immolation
Potions
 j - 3 potions of brilliance


   Skills:
 * Level 4.1 Fighting
 * Level 4.1(4.3) Axes
 + Level 1.5(2.8) Polearms
 * Level 3.1 Armour
 * Level 2.5 Dodging
 + Level 1.5 Stealth
 + Level 1.5 Spellcasting
 + Level 2.0 Evocations


You had 9 spell levels left.
You didn't know any spells.
Your spell library contained the following spells:

 Spells                   Type           Power      Damage    Failure   Level
 Slow                     Hex            4%         N/A       26%         1
 Ensorcelled Hibernation  Hex/Ice        2%         N/A       36%         2
 Confusing Touch          Hex            1%         N/A       58%         3
 Fugue of the Fallen      Necr           1%         N/A       58%         3
 Vampiric Draining        Necr           1%         2d6       58%         3
 Anguish                  Hex/Necr       0%         N/A       94%         4


Dungeon Overview and Level Annotations

Branches:
Dungeon (4/15)
 Temple: D:4-7

Altars:
Xom

Annotations:
D:4 Edmund, Eustachio


Innate Abilities, Weirdness & Mutations

You can wield a second weapon in your off-hand.
It takes a long time for you to wield or remove held weapons.
Your first few attacks do less damage.
You cannot equip rings or amulets.


Message History

Something is attracted toward you.
As you read the scroll labelled NEVVEI MIDWUTHRA, it crumbles to dust.
It is a scroll of identify.
You don't currently have any unidentified items.
Edmund is attracted toward you. The white imp is attracted toward you.
The shadow imp is attracted toward you. Eustachio is attracted toward you.
Your surroundings suddenly seem different.
An ice beast, a ball python and a jelly come into view.
The ball python is attracted toward you.
The ice beast is attracted toward you. The jelly is attracted toward you.
Okay, then.
As you read the scroll of teleportation, it crumbles to dust.
You feel strangely unstable. The jelly hits you but does no damage.
The ice beast hits you but does no damage.
The ball python hisses angrily.
Cleave: a) +0 hand axe (chaos) {Takurtum}
Press: ? - help, Dir - move target, f - jelly
Aim: a jelly (translocational energy, about 10% to evade your +0 hand axe of chaos)
You barely miss the jelly with the +1 spear of Dishonesty.
You hit the ball python with the +1 spear of Dishonesty.
You kill the ball python!
You hit the ice beast with the +1 spear of Dishonesty.
You hit the jelly with your +0 hand axe of chaos.
Your graspers burn!
* * * LOW HITPOINT WARNING * * *
You hit the ice beast but do no damage. The jelly hits you but does no damage.
The ice beast closely misses you.
You take 1 damage, and have 5/54 hp.
Cleave: a) +0 hand axe (chaos) {Takurtum}
Press: ? - help, Dir - move target, f/p - jelly
Aim: a jelly (translocational energy, moderately wounded, about 10% to evade your +0 hand axe of chaos)
You puncture the jelly with the +1 spear of Dishonesty!
Your graspers burn!
* * * LOW HITPOINT WARNING * * *
The jelly is severely wounded.
You barely miss the ice beast with the +1 spear of Dishonesty.
You hit the jelly with your +0 hand axe of chaos.
You freeze the jelly.
Your graspers burn!
You die...
Xom titters!

.........#
..........
.........#
.........#
.........# .#
.........##..##
.......J.......
.......@§......
....##.Y.......
. #.........
..........
##...§..... ...
##........ ...
####..... #.#
##... #.#


You could see an ice beast and a jelly.

Vanquished Creatures
  Sigmund (D:3)
  Jessica (D:3)
  An orc wizard (D:3)
  Natasha (thrice) (D:2)
  3 gnolls (D:3)
  5 adders
  2 dart slugs
  A ribbon worm (D:2)
  10 orcs (D:3)
  16 ball pythons
  7 endoplasms
  A giant cockroach (D:1)
  9 goblins
  8 hobgoblins
  3 jackals (D:1)
  5 quokkas
  6 bats
  2 frilled lizards
  6 kobolds
  4 rats
94 creatures vanquished.

Vanquished Creatures (others)
  An orc zombie (D:3)
1 creature vanquished.

Grand Total: 95 creatures vanquished

Notes
Turn   | Place    | Note
-------+----------+-------------------------------------------
     0 | D:1      | ezpacito the Coglin Chaos Knight began the quest for the
                  | Orb.
     0 | D:1      | Reached XP level 1. HP: 18/18 MP: 1/1
    14 | D:1      | XOM: smoke on damage
    15 | D:1      | Reached skill level 1 in Dodging
    19 | D:1      | Reached XP level 2. HP: 11/24 MP: 2/2
   326 | D:1      | Reached XP level 3. HP: 29/29 MP: 3/3
   504 | D:1      | XOM: silly message
   628 | D:1      | XOM: scenery: summon butterflies
   669 | D:1      | XOM: god gift: jewelled gold wand {god gift}
   982 | D:2      | Noticed Natasha
   982 | D:2      | XOM: enchant monster (good)
  1016 | D:2      | Killed Natasha
  1017 | D:2      | Reached XP level 4. HP: 16/35 MP: 4/4
  1150 | D:2      | XOM: fog
  1177 | D:2      | Noticed Natasha
  1180 | D:2      | XOM: divination: detect items
  1184 | D:2      | Killed Natasha
  1185 | D:2      | Reached XP level 5. HP: 41/41 MP: 6/6
  1244 | D:2      | Reached skill level 1 in Evocations
  1477 | D:2      | Noticed Natasha
  1483 | D:2      | Killed Natasha
  1484 | D:2      | Reached skill level 1 in Polearms
  1484 | D:2      | Reached skill level 1 in Spellcasting
  1704 | D:3      | Reached skill level 1 in Stealth
  1716 | D:3      | XOM: confuse monster(s)
  1781 | D:3      | Noticed Jessica
  1782 | D:3      | XOM: blink monster(s)
  1783 | D:3      | Reached XP level 6. HP: 33/48 MP: 7/7
  1784 | D:3      | Noticed Sigmund
  1791 | D:3      | Killed Jessica
  1824 | D:3      | XOM: scenery: create altars
  1832 | D:3      | Killed Sigmund
  1836 | D:3      | Reached XP level 7. HP: 54/54 MP: 7/9
  2108 | D:3      | Identified the +1 spear of Dishonesty {holy, Will+ Int+6}
  2263 | D:4      | Noticed Eustachio
  2263 | D:4      | Noticed Edmund
  2272 | D:4      | XOM: cleaving
  2285 | D:4      | XOM: scenery: create altars
  2291 | D:4      | Splashed by a jelly's acid

Illustrated notes

Levels and vault maps discovered:
D:1:      eino_arrival_water_cross, layout_basic, serial_bayou_pond_c,
          minmay_misc_feat_ornament
D:2:      cheibrodos_old_hovel, layout_loops_ring, uniq_natasha
D:3:      layout_rooms, uniq_sigmund, uniq_jessica
D:4:      layout_rooms, nicolae_uskayaw_en_pointe, uniq_eustachio, uniq_ijyb,
          uniq_edmund

Skill      XL: |  1  2  3  4  5  6 |
---------------+-------------------+-----
Dodging        | 1 2 |  2.5
Armour         | 2 3 |  3.1
Evocations     | 1 2 |  2.0
Polearms       | 1 |  1.5
Spellcasting   | 1 |  1.5
Stealth        | 1 |  1.5
Fighting       | 4 |  4.1
Axes           | 4 |  4.1

Action                     |  1- 3 |  4- 6 |  7- 9 || total
---------------------------+-------+-------+-------++-------
  Melee: Hand axe          |    71 |    59 |    22 ||   152
         Dagger            |    61 |       |       ||    61
         Spear             |     5 |    96 |    26 ||   127
    Use: Potion            |       |     4 |     3 ||     7
         Scroll            |       |     1 |     6 ||     7
   Stab: Sleeping          |     1 |     2 |       ||     3
         Distracted        |       |     1 |       ||     1
         Confused          |       |     1 |       ||     1
 Armour: Leather armour    |    65 |    12 |    17 ||    94
         Chain mail        |       |    42 |     9 ||    51
         Skin              |       |    55 |       ||    55
  Dodge: Dodged            |    55 |    26 |    27 ||   108

Table legend: (Time is in decaauts)
 A = Elapsed time spent in this place.
 B = Non-inter-level travel time spent in this place.
 C = Inter-level travel time spent in this place.
 D = Time resting spent in this place.
 E = Time spent auto-exploring this place.
 F = Levels seen in this place.
 G = Mean time per level.
                   A        B        C        D        E       F      G
               +--------+--------+--------+--------+--------+-----+--------+
         Total |   2311 |   2165 |    146 |     19 |   1595 |   4 |  577.8 |
       Dungeon |   2311 |   2165 |    146 |     19 |   1595 |   4 |  577.8 |
               +--------+--------+--------+--------+--------+-----+--------+

Top non-repeatable levels by time:
     D:1: 888 daAuts
     D:2: 821 daAuts
     D:3: 577 daAuts
     D:4: 23 daAuts
